 Dungeon Crawl Stone Soup version 0.17.1-3-g152610e (webtiles) character file.

875 kaze the Ducker (level 7, -1/70 HPs)
             Began as a Troll Berserker on Feb 29, 2016.
             Was a Priest of Trog.
             Slain by a gnoll sergeant
             ... wielding a +0 spear
              (5 damage)
             ... on level 5 of the Dungeon.
             The game lasted 00:12:53 (3239 turns).

kaze the Ducker (Troll Berserker)                   Turns: 3239, Time: 00:12:53

Health: -1/70      AC:  5    Str: 32    XL:     7   Next: 74%
Magic:  6/6        EV: 11    Int:  3    God:    Trog [***...]
Gold:   126        SH:  0    Dex:  9    Spells: 0 memorised, 6 levels left

rFire  . . .     SeeInvis .       - Unarmed
rCold  . . .     Clarity  .     a - +0 animal skin
rNeg   . . .     SustAt   +     (no shield)
rPois  .         Gourm    +     (helmet restricted)
rElec  .         Spirit   .     (no cloak)
rCorr  .         Warding  .     (gloves unavailable)
rMut   .         Stasis   .     (boots unavailable)
MR     ++...                    (no amulet)
Stlth  +.........               m - ring of sustain attributes (curse)
                                i - +4 ring of strength

@: lethally poisoned (-1 -> -2), exhausted, regenerating, slowed, very slow,
very resistant to hostile enchantments, very unstealthy
A: unfitting armour, claws 3, fast metabolism 3, gourmand, regeneration 2,
shaggy fur 1, tough skin 2
a: Berserk, Trog's Hand, Burn Spellbooks, Renounce Religion


You were on level 5 of the Dungeon.
You worshipped Trog.
Trog was most pleased with you.
You were full.

You visited 1 branch of the dungeon, and saw 5 of its levels.
You also visited: Sewer.

You collected 126 gold pieces.

Inventory:

Missiles
 h - 6 tomahawks (quivered)
Armour
 a - a +0 animal skin (worn)
 J - the +12 large shield of Tamaiklu {rC+ rN++ MR+, unknown}
   (You found it on level 5 of the Dungeon)

   It protects you from cold.
   It greatly protects you from negative energy.
   It affects your resistance to hostile enchantments.
Jewellery
 i - a +4 ring of strength (left claw)
 m - a cursed ring of sustain attributes (right claw)
 w - an uncursed ring of protection from fire {unknown}
Wands
 e - a wand of random effects (21)
 t - a wand of slowing (11)
 C - a wand of random effects (32)
Scrolls
 f - 4 scrolls of remove curse
 g - a scroll of fear {unknown}
 j - a scroll of recharging {unknown}
 k - a scroll of amnesia {unknown}
 l - a scroll of fog {unknown}
 s - a scroll of noise {unknown}
 u - 2 scrolls of teleportation {unknown}
 y - 3 scrolls of magic mapping {unknown}
 D - a scroll of random uselessness {unknown}
 G - 2 scrolls of identify
Potions
 d - 2 potions of brilliance
 p - 7 potions of curing
 q - a potion of cancellation
 r - 2 potions of flight {unknown}
 v - 2 potions of ambrosia {unknown}
 z - a potion of invisibility {unknown}
 A - a potion of agility {unknown}
 B - a potion of poison {unknown}
 F - a potion of cure mutation {unknown}
 H - 4 potions of heal wounds {unknown}
 I - a potion of might {unknown}
Comestibles
 b - 6 bread rations
 c - a royal jelly
 n - a slice of pizza
 o - 2 meat rations
 x - 4 fruits
 E - a beef jerky


   Skills:
 + Level 4.2 Fighting
 + Level 0.3 Throwing
 + Level 5.7 Dodging
 + Level 0.8 Stealth
 + Level 5.1 Unarmed Combat


You had 6 spell levels left.
You didn't know any spells.

Dungeon Overview and Level Annotations

Branches:
Dungeon (5/15)
 Temple: D:4-7

Altars:
Makhleb
The Shining One


Innate Abilities, Weirdness & Mutations

You are too large for most types of armour.
You have claws for hands.
Your metabolism is lightning-fast.
You like to eat raw meat.
You heal very quickly.
You are covered in fur (AC +1).
You have very tough skin (AC +2).


Message History

an enchanted falchion; an orc corpse You feel sick.
The orc priest barely misses you.
Items here: )))) [[ ††† Your skin crawls.
You feel resistant to hostile enchantments.
You feel slightly less full.
The orc priest casts a cantrip, but nothing happens.
The gnoll sergeant barely misses you.
The orc priest hits you from afar with a trident.
* * * LOW HITPOINT WARNING * * *
You feel sick.
The gnoll sergeant hits you but does no damage.
You see here 13 gold pieces.
The orc priest invokes the aid of Beogh against you.
Something smites you!
* * * LOW HITPOINT WARNING * * *
The orc wizard mumbles some strange words.
The orc wizard blinks!
The gnoll sergeant hits you from afar with a spear.
You die...

######## ##......#
........#
........########## ... ..
.......@.gg)o....# ... ...
.......#####g##### ..###...
..#....#....g..### .....#.#
#....#.##..(...# .........
......#....g..###
............?...####..#.###
...##...........+.........#
<...............####......#
...###...... #.....o......#


You could see a gnoll sergeant, an orc priest and 2 gnolls.

Vanquished Creatures
  Sigmund (D:4)
  An ogre (D:4)
  3 big kobolds (Sewer)
  3 orc priests
  Ijyb (D:2)
  2 orc wizards
  2 worker ants (D:4)
  Natasha (thrice) (D:4)
  3 gnolls (D:4)
  5 adders
  An ooze (D:1)
  An adder skeleton (D:4)
  5 giant geckos
  11 orcs
  5 ball pythons
  10 bats
  7 giant cockroaches
  3 goblins
  10 hobgoblins
  10 jackals
  3 giant newts
  15 kobolds
  7 rats
112 creatures vanquished.

Notes
Turn   | Place    | Note
--------------------------------------------------------------
     0 | D:1      | kaze the Troll Berserker began the quest for the Orb.
     0 | D:1      | Reached XP level 1. HP: 22/22 MP: 0/0
   134 | D:1      | Reached XP level 2. HP: 29/29 MP: 1/1
   895 | D:2      | Reached XP level 3. HP: 31/36 MP: 2/2
   970 | D:2      | Found a burning altar of Makhleb.
   987 | D:2      | Reached ** piety under Trog
  1280 | D:2      | Noticed Ijyb
  1290 | D:2      | Killed Ijyb
  1290 | D:2      | Reached XP level 4. HP: 43/45 MP: 3/3
  2167 | D:4      | Reached XP level 5. HP: 17/53 MP: 4/4
  2234 | D:4      | Noticed Sigmund
  2243 | D:4      | Killed Sigmund
  2243 | D:4      | Reached skill level 4 in Dodging
  2243 | D:4      | Reached XP level 6. HP: 61/61 MP: 5/5
  2323 | D:4      | Noticed Natasha
  2337 | D:4      | Killed Natasha
  2515 | D:4      | Reached *** piety under Trog
  2522 | D:4      | Reached XP level 7. HP: 50/68 MP: 6/6
  2552 | D:4      | Found a glowing golden altar of the Shining One.
  2562 | D:4      | Noticed Natasha
  2567 | D:4      | Killed Natasha
  2587 | D:4      | Found a glowing drain.
  2599 | D:4      | Noticed Natasha
  2604 | D:4      | Killed Natasha
  2630 | D:4      | Reached skill level 5 in Dodging
  2647 | Sewer    | Entered a sewer
  2992 | Sewer    | Reached skill level 5 in Unarmed Combat
  3182 | D:5      | Entered Level 5 of the Dungeon
  3190 | D:5      | Got a crude large shield
  3216 | D:5      | HP: 2/70 [orc priest/divine providence (14)]
  3238 | D:5      | HP: 1/70 [orc priest/divine providence (13)]
  3239 | D:5      | Slain by a gnoll sergeant

Action                   |  1- 3 |  4- 6 |  7- 9 || total
-------------------------+-------+-------+-------++-------
Melee: Unarmed           |    92 |   100 |    85 ||   277
Throw: Tomahawk          |     1 |       |       ||     1
Invok: Trog's Hand       |       |     2 |     2 ||     4
       Berserk           |       |     2 |     1 ||     3
  Use: Potion            |     1 |     1 |       ||     2
       Scroll            |       |     4 |       ||     4
  Eat: Chunk             |    17 |    14 |     4 ||    35
